 Dungeon Crawl Stone Soup version 0.21.1-1-g345015f (webtiles) character file.

23 Iko the Conjurer (level 2, -2/20 HPs)
             Began as a Centaur Conjurer on May 25, 2018.
             Slain by a sky beast (6 damage)
             ... on level 5 of the Dungeon.
             The game lasted 00:03:58 (458 turns).

Iko the Conjurer (Centaur Conjurer)                  Turns: 458, Time: 00:03:58

Health: -2/20      AC: 11    Str:  8    XL:     2   Next: 75%
Magic:  1/4        EV:  1    Int: 14    God:
Gold:   71         SH:  0    Dex:  9    Spells: 3/4 levels left

rFire    + . .     SeeInvis .   a - -1 short sword (curse)
rCold    + + .     Gourm    .   (no shield)
rNeg     . . .     Faith    .   g - +4 chain mail of Shielding {rF+ rC++ Regen+ Str-2}
rPois    .         Spirit   .   (no helmet)
rElec    .         Reflect  .   (no cloak)
rCorr    .         Harm     .   (no gloves)
MR       .....                  (no barding)
Stlth    ..........             (no amulet)
HPRegen  0.46/turn              (no ring)
MPRegen  0.09/turn              (no ring)

@: very slightly contaminated, very quick
A: large, hooves 3, deformed body, speed 2, tough skin 3
a: no special abilities


You were on level 5 of the Dungeon.
You were not hungry.

You visited 1 branch of the dungeon, and saw 5 of its levels.

You collected 71 gold pieces.

Inventory:

Hand Weapons
 a - a cursed -1 short sword (weapon)
Armour
 g - the +4 chain mail of Shielding (worn) {rF+ rC++ Regen+ Str-2}
   (You found it on level 5 of the Dungeon)

   It affects your strength (-2).
   It protects you from fire.
   It greatly protects you from cold.
   It increases your rate of regeneration.
Scrolls
 e - a scroll of remove curse
 h - a scroll of teleportation
Potions
 f - a potion of might
Books
 b - a book of Conjurations

   Spells                             Type                      Level
   a - Magic Dart                     Conjuration                  1
   b - Searing Ray                    Conjuration                  2
   c - Dazzling Spray                 Conjuration/Hexes            3
   d - Fulminant Prism                Conjuration/Hexes            4
   e - Force Lance                    Conjuration/Translocation    4
   f - Iskenderun's Mystic Blast      Conjuration                  4
Comestibles
 c - a ration


   Skills:
 + Level 0.1 Armour
 + Level 1.5 Dodging
 + Level 1.1 Stealth
 + Level 1.6 Spellcasting
 + Level 4.2 Conjurations


You had 3 spell levels left.
You knew the following spells:

 Your Spells              Type           Power        Failure   Level  Hunger
a - Magic Dart            Conj           ##..         100%        1    ##.....


Dungeon Overview and Level Annotations

Branches:
Dungeon (5/15)
 Temple: D:4-7

Altars:


Innate Abilities, Weirdness & Mutations

You have hooves in place of feet.
Armour fits poorly on your strangely shaped body.
You cover ground very quickly.
You have extremely tough skin. (AC +3)


Message History

Casting: Magic Dart
Confirm with . or Enter, or press ? or * to list all spells.
Aiming: Magic Dart
Press: ? - help, Shift-Dir - straight line, f/p - sky beast
Aim: a sky beast You miscast Magic Dart.
Your skin tingles.
Casting: Magic Dart
Confirm with . or Enter, or press ? or * to list all spells.
Okay, then.
Your chain mail of Shielding prevents you from hitting the sky beast.
The sky beast hits you. The sky beast shocks you.
You hit the sky beast but do no damage.
The sky beast hits you but does no damage.
Your chain mail of Shielding prevents you from hitting the sky beast.
The sky beast hits you. The sky beast shocks you.
* * * LOW HITPOINT WARNING * * *
You miss the sky beast. The sky beast hits you.
* * * LOW HITPOINT WARNING * * *
The sky beast shocks you.
You die...

#.......#######
#.#............
#.#.....#######
#.#.##..#
#.#.##..#
#..#.#..#
######.###..[#
........#.#.##
##.#####@...#
#Y#### ##.##
##...# #..#.#
#..[.# ###.#.##
# #.....# .
#.#.....#####..


You could see a sky beast.

Vanquished Creatures
  An adder (D:3)
  A dart slug (D:1)
  2 goblins (D:1)
  2 hobgoblins (D:1)
  2 kobolds (D:1)
  A quokka (D:5)
  2 bats
  A rat (D:2)
12 creatures vanquished.

Notes
Turn   | Place    | Note
-------+----------+-------------------------------------------
     0 | D:1      | Iko the Centaur Conjurer began the quest for the Orb.
     0 | D:1      | Reached XP level 1. HP: 14/14 MP: 3/3
   226 | D:1      | Reached XP level 2. HP: 18/20 MP: 1/4
   234 | D:1      | Reached skill level 4 in Conjurations
   354 | D:5      | Entered Level 5 of the Dungeon
   370 | D:5      | Got a steaming chain mail
   381 | D:5      | Identified the +4 chain mail of Shielding {rF+ rC++ Regen+ Str-2} (You found it on level 5 of the Dungeon)
   427 | D:5      | Noticed a sky beast
   458 | D:5      | Slain by a sky beast

Skill      XL: |  1  2 |
---------------+-------+-----
Conjurations   | 4 |  4.2
Armour         | |  0.1
Dodging        | |  1.5
Stealth        | |  1.1
Spellcasting   | |  1.6

Action                   || total
-------------------------++-------
Melee: Unarmed           ||    17
       Kick              ||     8
       Short sword       ||    29
 Cast: Magic Dart        ||     8
  Use: Scroll            ||     3
       Potion            ||     1
Armor: Scale mail        ||    15
       Robe              ||     1
       Chain mail        ||    17
Dodge: Dodged            ||    10
